 Dungeon Crawl Stone Soup version 0.32-a0-886-g41c5271027 (webtiles) character file.

Game seed: 16266793343388282356

1470040 Daunt the Metallomancer (level 27, 198/198 HPs)
             Began as a Mountain Dwarf Earth Elementalist on Apr 2, 2024.
             Was the Champion of Hepliaklqana.
             Escaped with the Orb
             ... and 3 runes on Apr 6, 2024!
             The game lasted 12:05:45 (102337 turns).

Daunt the Metallomancer (MDEE)                    Turns: 102337, Time: 12:05:46

Health: 198/198    AC: 39    Str: 26    XL:     27
Magic:  32/41      EV:  6    Int: 19    God:    Hepliaklqana [******]
Gold:   3947       SH: 13    Dex:  7    Spells: 9/54 levels left

rFire   + + +        Z - staff of Marifrog {Will+ Earth}
rCold   + + .        r - +2 kite shield {AC+3}
rNeg    + + +        i - +10 gold dragon scales
rPois   +            j - +0 helmet of Wu Jian's Pride {Dex+2 Stlth+}
rElec   +            F - +2 cloak of Quiescent Intercession {+Blink rN+++ rCorr Dex-3}
rCorr   +            W - +2 pair of gloves
SInv    +            S - +2 pair of boots {Fly}
Will    +++..        G - amulet of regeneration Stlth
                     H - ring "Setim" {Wiz rElec rF+++ rCorr Dex-2}
HPRegen 1.33/turn    I - ring "Jiyning" {Ice Str+5 Int+3 SInv Stlth-}
MPRegen 0.27/turn

%: wizardry (x1)
@: flying
A: reduced essence, runic magic, artefact enchanting, deformed body, dopey 2,
frail 1, sturdy frame 1
0: Orb of Zot
}: 3/15 runes: serpentine, barnacled, slimy
a: Renounce Religion, Evoke Blink, Recall Ancestor, Ancestor Identity,
Transference, Idealise


You escaped.
You worshipped Hepliaklqana.
Hepliaklqana was exalted by your worship.
You visited 11 branches of the dungeon, and saw 52 of its levels.
You visited the Abyss 2 times.
You also visited: Wizlab and Desolation.

You collected 6897 gold pieces.
You spent 2950 gold pieces at shops.

Inventory:

Missiles
 b - 10 datura-tipped darts
 f - 10 throwing nets
 n - 10 darts of dispersal
 z - 13 curare-tipped darts
 T - 2 atropa-tipped darts
Armour
 i - +10 gold dragon scales (worn)
 j - the +0 helmet of Wu Jian's Pride (worn) {Dex+2 Stlth+}
   (You found it on level 4 of the Realm of Zot)

   Dex+2:     It affects your dexterity (+2).
   Stlth+:    It makes you more stealthy.
 r - a +2 kite shield of protection (worn)
 F - the +2 cloak of Quiescent Intercession (worn) {+Blink rN+++ rCorr Dex-3}
   (You found it on level 1 of the Depths)

   Dex-3:     It affects your dexterity (-3).
   rN+++:     It renders you almost immune to negative energy.
   +Blink:    It lets you blink.
   rCorr:     It protects you from acid and corrosion.
 S - a +2 pair of boots of flying (worn)
 W - a +2 pair of gloves (worn)
Magical Staves
 Z - the staff of Marifrog (weapon) {Will+ Earth}
   (You found it on level 3 of the Elven Halls)

   [staff of earth]

   Base accuracy: +5 Base damage: 5 Base attack delay: 1.2 This weapon's minimum
   attack delay (0.6) is reached at skill level 12.
   Will+:     It increases your willpower.
   Earth:     It increases the power of your Earth spells.
   It falls into the 'Staves' category.
   It is a one-handed weapon.
Jewellery
 a - a +6 ring of dexterity
 C - the macabre finger necklace {Finger+ rN+}
   (You found it on level 3 of the Elven Halls)

   [amulet of nothing]

   Finger+:   It enables you to equip an extra ring.
   rN+:       It protects you from negative energy.
 D - the ring of the Philosopher {rF+ Will+ MP+9}
   (You took it off a frost giant on level 2 of the Depths)

   [ring of magical power]

   rF+:       It protects you from fire.
   Will+:     It increases your willpower.
   MP+9:      It affects your magic capacity (+9).
 G - an amulet of regeneration (around neck)
 H - the ring "Setim" (left hand) {Wiz rElec rF+++ rCorr Dex-2}
   (You acquired it on level 3 of the Realm of Zot)

   [ring of wizardry]

   Wiz:       It improves your spell success rate.
   Dex-2:     It affects your dexterity (-2).
   rF+++:     It renders you almost immune to fire.
   rElec:     It insulates you from electricity.
   rCorr:     It protects you from acid and corrosion.
 I - the ring "Jiyning" (right hand) {Ice Str+5 Int+3 SInv Stlth-}
   (You took it off an ironbound convoker in the Desolation of Salt)

   [ring of ice]

   Ice:       It enhances your ice magic.
   Str+5:     It affects your strength (+5).
   Int+3:     It affects your intelligence (+3).
   rF-:       It makes you vulnerable to fire.
   rC+:       It protects you from cold.
   SInv:      It lets you see invisible.
   Stlth-:    It makes you less stealthy.
 J - a ring of the Octopus King {rCorr HP+2 AC+2 EV+2 SH+2}
   (You found it on level 5 of the Lair of Beasts)

   [ring of resist corrosion]

   AC+2:      It affects your AC (+2).
   EV+2:      It affects your evasion (+2).
   HP+2:      It affects your health (+2).
   rCorr:     It protects you from acid and corrosion.
   SH+2:      It affects your SH (+2).
Wands
 g - a wand of acid (16)
 q - a wand of digging (17)
 w - a wand of mindburst (18)
 y - a wand of warping (33)
Scrolls
 k - 11 scrolls of teleportation
 l - 5 scrolls of butterflies
 m - 2 scrolls of revelation
 t - 4 scrolls of poison
 B - 6 scrolls of fear
 E - 3 scrolls of blinking
 K - 7 scrolls of fog
 Q - 8 scrolls of immolation
 X - 8 scrolls of vulnerability
 Y - 2 scrolls of silence
Potions
 d - 4 potions of invisibility
 e - 4 potions of ambrosia
 h - 5 potions of might
 o - 24 potions of curing
 p - 3 potions of haste
 s - 6 potions of brilliance
 u - 8 potions of lignification
 v - 4 potions of resistance
 x - 4 potions of cancellation
 L - 3 potions of enlightenment
 O - 4 potions of mutation
 P - 3 potions of magic
 R - a potion of berserk rage
 U - 7 potions of heal wounds
Miscellaneous
 c - a lightning rod (4/4)
 A - a phial of floods
 M - a box of beasts
 N - a tin of tremorstones (2/2)
 V - a phantom mirror


   Skills:
 + Level 20.4 Fighting
 - Level 7.0(10.2) Maces & Flails
 - Level 5.0(8.0) Polearms
 - Level 10.7(12.0) Staves
 - Level 15.0 Armour
 - Level 7.4 Dodging
 - Level 1.4 Stealth
 - Level 13.2 Shields
 - Level 14.0 Spellcasting
 - Level 18.4 Conjurations
 - Level 3.0 Summonings
 - Level 3.0 Translocations
 - Level 13.0 Ice Magic
 - Level 3.0 Air Magic
 - Level 26.0 Earth Magic
 - Level 12.0 Invocations
 - Level 13.6 Evocations


You had 9 spell levels left.
You knew the following spells:

 Your Spells              Type           Power      Damage    Failure   Level
a - Sandblast             Erth           100%       2d20      0%          1
b - Blink                 Tloc           48%        N/A       2%          2
c - Lehudib's Crystal Sp  Conj/Erth      49%        10d12     4%          8
d - Bombard               Conj/Erth      49%        9d8       1%          6
e - Permafrost Eruption   Ice/Erth       57%        2x4d13    1%          6
i - Iskenderun's Mystic   Conj/Tloc      52%        2d11      (+2d61%     4
l - Lee's Rapid Deconstr  Erth           53%        3d25*     0%          5
n - Animate Armour        Summ/Erth      100%       N/A       1%          4
p - Passwall              Erth           100%       N/A       0%          3
s - Stone Arrow           Conj/Erth      100%       3d13      0%          3
w - Swiftness             Air            24%        N/A       4%          3

Your spell library contained the following spells:

 Spells                   Type           Power      Damage    Failure   Level
 Magic Dart               Conj           100%       1d8       0%          1
 Searing Ray              Conj           100%       2d8       0%          2
 Brom's Barrelling Bould  Conj/Erth      98%        2d11      0%          4
 Apportation              Tloc           48%        N/A       1%          1
 Foxfire                  Conj/Fire      100%       2x1d9     1%          1
 Freeze                   Ice            100%       1d10      1%          1
 Shock                    Conj/Air       100%       1d9       1%          1
 Sting                    Conj/Alch      100%       1d9       1%          1
 Summon Small Mammal      Summ           96%        N/A       1%          1
 Dazzling Flash           Conj/Hex       96%        N/A       1%          3
 Frozen Ramparts          Ice            100%       1d16      1%          3
 Hailstorm                Conj/Ice       83%        3d14      1%          3
 Ozocubu's Armour         Ice            76%        N/A       1%          3
 Summon Ice Beast         Ice/Summ       60%        N/A       1%          3
 Fulminant Prism          Conj/Alch      24%        3d12      1%          4
 Leda's Liquefaction      Alch/Erth      38%        N/A       1%          4
 Petrify                  Alch/Erth      76%        N/A       1%          4
 Arcjolt                  Conj/Air       26%        1d36      1%          5
 Freezing Cloud           Conj/Ice/Air   35%        6-21      1%          5
 Iskenderun's Battlesphe  Conj           70%        2d12      1%          5
 Call Imp                 Summ           48%        N/A       2%          2
 Orb of Destruction       Conj           35%        9d10      2%          7
 Fireball                 Conj/Fire      24%        3d11      3%          5
 Mercury Vapours          Alch/Air       38%        N/A       4%          2
 Maxwell's Portable Pile  Tloc           24%        2d(7-20)  4%          3
 Teleport Other           Tloc           24%        N/A       4%          3
 Necrotise                Necr           52%        1d6       6%          1
 Jinxbite                 Hex            26%        N/A       9%          2
 Volatile Blastmotes      Fire/Tloc      38%        2d13      9%          3
 Metabolic Englaciation   Hex/Ice        27%        N/A       11%         5
 Conjure Ball Lightning   Conj/Air       26%        3x3d7     11%         6
 Inner Flame              Hex/Fire       13%        N/A       16%         3
 Sigil of Binding         Hex            13%        N/A       16%         3
 Tukima's Dance           Hex            13%        N/A       16%         3
 Vampiric Draining        Necr           13%        2d6       16%         3
 Airstrike                Air            12%        2d(2-18)  16%         4
 Passage of Golubria      Tloc           24%        N/A       16%         4
 Summon Lightning Spire   Summ/Air       24%        N/A       16%         4
 Vhi's Electric Charge    Tloc/Air       48%        N/A       16%         4
 Starburst                Conj/Fire      24%        6d8       21%         6
 Ozocubu's Refrigeration  Ice            38%        4d15      22%         7
 Dimensional Bullseye     Hex/Tloc       9%         N/A       28%         4
 Martyr's Knell           Necr/Summ      19%        N/A       28%         4
 Summon Forest            Summ/Tloc      12%        N/A       41%         5
 Anguish                  Hex/Necr       6%         N/A       45%         4
 Cause Fear               Hex            6%         N/A       45%         4
 Olgreb's Toxic Radiance  Alch           13%        N/A       45%         4
 Sculpt Simulacrum        Ice/Alch       27%        N/A       50%         6
 Alistair's Intoxication  Alch           8%         N/A       80%         5
 Curse of Agony           Necr           13%        N/A       80%         5
 Yara's Violent Unravell  Hex/Alch       6%         3d5       80%         5
 Dispersal                Tloc           12%        N/A       91%         6
 Gell's Gavotte           Tloc           12%        2d(16-24) 91%         6
 Plasma Beam              Fire/Air       9%         2x1d20    98%         6
 Death Channel            Necr           6%         N/A       100%        6
 Enfeeble                 Hex            6%         N/A       100%        7
 Haunt                    Necr/Summ      9%         N/A       100%        7
 Borgnjor's Revivificati  Necr           6%         N/A       100%        8
 Discord                  Hex            6%         N/A       100%        8
 Disjunction              Tloc           12%        N/A       100%        8
 Maxwell's Capacitive Co  Air            12%        ∞         100%        8
 Death's Door             Necr           6%         N/A       100%        9


Dungeon Overview and Level Annotations

Branches:
Dungeon (15/15)            Temple (1/1) D:4            Lair (5/5) D:9
 Shoals (4/4) Lair:3        Snake (4/4) Lair:2        Slime (5/5) Lair:4
    Orc (2/2) D:12            Elf (3/3) Orc:2        Vaults (4/5) D:13
  Crypt (0/3) Vaults:3     Depths (4/4) D:15            Zot (5/5) Depths:4
 WizLab (visited)         Desolation (visited)

Altars:
Ashenzari
Cheibriados
Dithmenos
Elyvilon
Fedhas
Gozag
Hepliaklqana
Kikubaaqudgha
Makhleb
Nemelex Xobeh
Okawaru
Qazlal
Ru
Sif Muna
Trog
Uskayaw
Vehumet
Wu Jian
Xom
Yredelemnul
Zin
The Shining One
Beogh
Jiyva

Shops:
D:4 [   D:7 [   D:9 *   D:11 *   Orc:1 [   Orc:2 *:([   Snake:1 =?
Snake:3 ([[

Portals:
Hell: Depths:1 Depths:2 Depths:3 Depths:4
Abyss: Depths:3
Pandemonium: Depths:1 Depths:2
Ziggurat: Depths:4
Trove: D:14 (give 11 potions of heal wounds)

Annotations:
Vaults:3 !mennas, Mennas


Innate Abilities, Weirdness & Mutations

Your life essence is reduced to manifest your ancestor. (-10% HP)
Your spellcasting is much less encumbered by armour.
You can use scrolls of enchantment on lesser artefacts.
Armour fits poorly on your strangely shaped body.
You are very dopey. (Int -4)
You are frail. (-10% HP)
Your movements are slightly less encumbered by armour. (ER -2)


Message History

Pupiz hits the hellion with a +0 broad axe of speed!
Pupiz hits the hellion with a +0 broad axe of speed!
Pupiz blocks the hellion's attack.
Pupiz misses the hellion.
The hellion gestures at you.
The sphere of damnation explodes!
The damnation engulfs you!!
Pupiz hits the hellion with a +0 broad axe of speed!
The hellion dies!
There is a stone staircase leading up, spattered with blood here.
You fly upwards.
There is a stone staircase leading down here.
Pupiz is recalled.
You see here a +0 giant club.
You feel a genetic drift.
You feel frail.
You no longer feel a malignance within.
There is a stone staircase leading up, spattered with blood here.
You fly upwards.
Your magical contamination has completely faded away.
There is a stone staircase leading down here.
There is a stone staircase leading up here.
You fly upwards.
There is a stone staircase leading down here.
Ancestor HP restored.
There is a stone staircase leading up here.
You fly upwards.
There is a stone staircase leading down, spattered with blood here.
You swap places.
There is a stone staircase leading up here.
You fly upwards.
There is a stone staircase leading down here.
HP restored.
You reach down and open the door.
There is an open door here.
An Orb Guardian comes into view.
Pupiz barely misses the Orb Guardian.
There is a staircase leading out of the dungeon here.
Pupiz blocks the Orb Guardian's attack.
Pupiz hits the Orb Guardian with a +0 broad axe of speed.
Pupiz blocks the Orb Guardian's attack.
You have escaped!

#.# #....###...#
#.####......###.#
######...##..........#
#......#.##...##......
###'######.#############
#...#~~≈≈#.#.........# #
#.#.#~##≈#.#.........#
#.###~~~≈#.#.........###
#.~~#~#@~RX#.........##.
###~#~#~≈#...........##.
#####~#~##≈##..........##.
#.'.~#~#~~≈##..........##.
#.############'##########.
#.#########..........# #.
#.................##.####.
##########........##....#.
#........#####.#.


You could see the friendly Pupiz the knight (reflecting) and an Orb Guardian
(distracted, ally target).

Vanquished Creatures
  the Royal Jelly (Slime:5)
  2 ancient liches (Zot:5)
  2 dread liches (Zot:5)
  2 orbs of fire (Zot:5)
  Parghit (Zot:2)
  4 Killer Klowns
  2 curse toes
  A caustic shrike (Depths:4)
  Jory (Depths:4)
  6 golden dragons
  7 tentacled monstrosities
  An Ice Fiend (D:6)
  Zenata (Elf:3)
  2 electric golems
  A walking crystal tome (Depths:3)
  2 walking frostbound tomes
  16 Orb Guardians (Zot:5)
  4 quicksilver dragons
  3 deep elf blademasters (Elf:3)
  2 sphinxes
  A kraken (Shoals:2)
  Polyphemus (Shoals:4)
  The ghost of lucidstorm14 the Peltast, an adept MiBe of Trog (Snake:3)
  A deep elf master archer (Elf:3)
  15 acid blobs
  2 death cobs
  Roxanne (Elf:3)
  12 azure jellies
  2 nagarajas
  A fenstrider witch (Depths:2)
  10 storm dragons
  3 protean progenitors
  11 rockslimes
  A draconian knight (Zot:3)
  5 draconian monks
  Donald (Shoals:3)
  4 fire giants
  3 vault wardens
  A draconian shifter (Zot:1)
  5 frost giants
  Louise (Shoals:2)
  A balrug (Depths:4)
  4 deep elf sorcerers (Elf:3)
  2 imperial myrmidons (Desolation)
  A deep elf elementalist (Elf:3)
  9 draconian scorchers
  5 ghost moths
  2 spectral caustic shrikes (Depths:4)
  3 orc warlords
  A demonspawn corrupter (D:14)
  4 ironbound preservers
  8 ironbound thunderhulks
  2 very ugly things
  A draconian stormcaller (Zot:5)
  5 stone giants
  9 quicksilver oozes
  10 draconian annihilators
  A spriggan defender (Depths:3)
  2 vampire knights
  2 formless jellyfish
  A green draconian (Zot:3)
  3 white draconians
  5 deep elf demonologists
  9 red draconians
  5 deep elf death magi (Elf:3)
  A war gargoyle (Vaults:1)
  Azrael (Elf:2)
  6 deep elf annihilators (Elf:3)
  5 purple draconians
  A lorocyproca (D:14)
  10 spark wasps
  3 yellow draconians
  6 dire elephants
  4 black draconians
  3 merfolk impalers
  2 ettins (Depths:3)
  3 fire dragons
  4 crystal guardians
  4 ragged hierophants (Desolation)
  2 deep elf high priests
  2 merfolk javelineers
  3 yaktaur captains
  4 ice dragons
  A great orb of eyes (Vaults:2)
  Erolcha (D:11)
  5 hydras
  Fannar (Lair:1)
  3 catoblepae
  A salamander tyrant (Snake:4)
  6 peacekeepers
  4 servants of whispers (Desolation)
  A rakshasa (Depths:1)
  2 vault guards
  5 anacondas
  An ogre mage (Vaults:2)
  5 ironbound frosthearts
  2 boulder beetles
  4 merfolk avatars
  A death knight (Vaults:3)
  4 spriggan air magi
  A merfolk aquamancer (Shoals:3)
  4 two-headed ogres
  17 centaur warriors
  An alligator snapping turtle (Shoals:1)
  2 deep troll shamans
  3 tengu warriors
  11 dancing weapons
  2 satyrs (Shoals:1)
  An orc high priest (Orc:1)
  13 death yaks
  A demonic crawler (Lair:2)
  A deep troll earth mage (Depths:3)
  3 occultists
  A vampire mage (Depths:2)
  11 shock serpents
  7 naga sharpshooters
  A sun demon (Depths:4)
  12 naga warriors
  A spriggan (Depths:1)
  6 spriggan berserkers
  8 deep elf knights
  4 hell knights
  Sonja (Lair:2)
  An iron troll (Depths:4)
  7 skysharks
  A sixfirhy (Depths:1)
  5 salamander mystics
  A spectral anaconda (Snake:3)
  5 deep elf archers
  11 deep trolls
  4 glowing orange brains
  8 sea snakes
  4 ironbound convokers
  A spriggan rider (Depths:1)
  An arcanist (WizLab)
  12 mana vipers
  3 naga ritualists
  6 lindwurms
  An obsidian bat (Orc:1)
  11 harpies
  An orb spider (shapeshifter) (Depths:3)
  15 deep elf pyromancers
  3 thermic dynamos (Elf:1)
  4 lightning spires (Zot:4)
  4 necromancers
  A lindwurm (shapeshifter) (Depths:4)
  7 orc knights
  An oklob plant (D:9)
  10 deep elf zephyrmancers
  7 ugly things
  3 cyclopes
  2 orc sorcerers (Orc:2)
  6 fauns
  3 shining eyes
  16 moths of wrath
  10 manticores
  18 salamanders
  2 large abominations
  6 vault sentinels
  6 merfolk sirens
  11 guardian serpents
  33 black mambas
  3 eyes of devastation
  12 elephants
  2 apocalypse crabs
  14 naga magi
  8 water nymphs
  2 gargoyles (D:12)
  3 spectral sea snakes (Snake:3)
  A rime drake (shapeshifter) (Depths:3)
  4 cane toads
  3 rime drakes
  10 yaktaurs (Vaults:3)
  6 tengu conjurers
  2 anaconda simulacra (Snake:3)
  6 komodo dragons
  A yaktaur skeleton (Vaults:3)
  14 merfolk
  A sea snake skeleton (Snake:3)
  21 saltlings (Desolation)
  2 wind drakes
  8 trolls
  3 polar bears
  An ettin zombie (Vaults:3)
  4 spectral guardian serpents (Snake:3)
  2 glass eyes
  4 hornets
  A raiju (shapeshifter) (D:15)
  9 blink frogs
  7 dream sheep
  7 snapping turtles
  44 slime creatures
  Sigmund (D:5)
  An air elemental (Elf:1)
  36 yaks
  2 water elementals
  A fire elemental (Elf:2)
  A wyvern (Lair:3)
  2 ynoxinuls (Abyss:1)
  3 golden eyes (Slime:4)
  2 wraiths
  A basilisk (D:11)
  A sea snake simulacrum (Snake:3)
  3 vampire mosquitoes
  2 neqoxecs
  31 nagas
  12 water moccasins
  2 hell hounds (Elf:2)
  A naga skeleton (Snake:3)
  20 orc warriors
  3 black bears
  4 ice beasts
  A laughing skull (D:14)
  12 ogres
  13 wolves
  15 centaurs
  15 kobold brigands
  6 bullfrogs
  2 earth elementals (Elf:1)
  A gnoll sergeant (D:4)
  5 scorpions
  5 wights (D:7)
  4 killer bees
  An oklob sapling (D:9)
  4 electric eels
  3 jellies
  14 orc priests
  A bombardier beetle (D:5)
  2 gnoll boudas (D:7)
  4 hounds
  8 iguanas
  An iron imp (Abyss:2)
  15 orc wizards
  14 gnolls
  A naga simulacrum (Snake:3)
  11 adders
  3 white imps
  An ufetubus (Abyss:1)
  4 ribbon worms
  A dart slug (D:3)
  56 orcs
  6 endoplasms
  4 giant cockroaches
  8 goblins
  8 hobgoblins
  11 jackals
  21 kobolds
  4 quokkas
  11 ball pythons
  7 bats
  A frilled lizard (D:1)
  4 rats
  3 aspiring fleshes
  3 tentacles (Shoals:2)
1360 creatures vanquished.

Vanquished Creatures (collateral kills)
  4 dread liches
  The ghost of 910rd the Metallomancer, a veteran DrWn of Vehumet (Zot:2)
  2 ancient liches
  An orb of fire (Zot:2)
  A juggernaut (Depths:3)
  Mara (Elf:3)
  The ghost of Zistueme the Hoplite, a veteran MiBe of Trog (Zot:4)
  Vv (Zot:2)
  A Head Instructor (WizLab)
  Saint Roka (Elf:3)
  2 caustic shrikes (Depths:4)
  3 golden dragons
  4 electric golems
  5 tentacled monstrosities
  A lich (Depths:3)
  A walking crystal tome (Depths:3)
  10 Orb Guardians (Zot:5)
  A deep elf blademaster (Elf:3)
  2 quicksilver dragons
  7 sphinxes
  5 acid blobs
  3 shadow dragons
  5 death cobs
  2 tengu reavers
  3 draconian monks
  7 storm dragons
  3 draconian knights
  2 protean progenitors
  7 azure jellies
  A vault warden (Vaults:3)
  5 rockslimes
  5 frost giants
  2 deep elf sorcerers (Elf:3)
  2 balrugs
  5 fire giants
  3 draconian scorchers
  The ghost of xianbchi the Crack Shot, an adept TeHu of Fedhas (Elf:1)
  6 draconian shifters
  An orc warlord (Vaults:1)
  3 deep elf elementalists (Elf:3)
  2 draconian stormcallers
  2 formless jellyfish (Slime:4)
  2 angels (Elf:1)
  2 spectral caustic shrikes (Depths:4)
  A spriggan defender (Depths:3)
  2 quicksilver oozes (Slime:5)
  6 stone giants
  3 very ugly things (Depths:3)
  4 ironbound preservers
  5 draconian annihilators
  3 deep elf death magi
  2 green draconians
  6 black draconians
  2 deep elf demonologists (Elf:3)
  4 ironbound thunderhulks
  2 vampire knights
  2 purple draconians
  4 war gargoyles
  2 yellow draconians
  A deep elf annihilator (Elf:3)
  A white draconian (Depths:4)
  4 dire elephants
  Snorg (D:13)
  2 red draconians (Zot:1)
  11 spark wasps
  A crystal guardian (Vaults:2)
  9 ettins
  2 ragged hierophants (Desolation)
  A merfolk javelineer (Shoals:4)
  3 merfolk impalers (Shoals:4)
  Josephine (D:11)
  5 fire dragons
  Harold (Lair:1)
  6 deep elf high priests (Elf:3)
  A hydra (D:15)
  4 great orbs of eyes
  2 yaktaur captains
  A salamander tyrant (Snake:4)
  3 servants of whispers (Desolation)
  8 ice dragons
  3 spriggan air magi
  A rakshasa (D:15)
  5 peacekeepers
  An ogre mage (Orc:2)
  2 radroaches (Zot:5)
  2 centaur warriors
  A jorogumo (Depths:2)
  3 ironbound frosthearts
  3 catoblepae
  10 anacondas
  18 dancing weapons
  3 boulder beetles
  2 satyrs
  3 tengu warriors
  2 deep troll shamans
  3 merfolk aquamancers (Shoals:4)
  A demonic crawler (Zot:3)
  2 two-headed ogres
  5 death yaks
  2 deep troll earth magi (Depths:4)
  2 orc high priests
  2 occultists (WizLab)
  3 spriggan berserkers
  2 sun demons
  10 naga sharpshooters
  3 naga warriors
  A thrashing horror (Abyss:2)
  A wretched star (Abyss:1)
  11 hell knights
  3 shock serpents
  7 deep elf knights
  3 skysharks
  4 salamander mystics
  2 sixfirhies
  3 deep elf archers
  8 sea snakes
  A glowing orange brain (shapeshifter) (Depths:3)
  28 deep trolls
  2 arcanists
  10 mana vipers
  Lodul (D:11)
  A shadow demon (D:14)
  2 glowing orange brains
  8 orc knights
  3 ironbound convokers
  5 naga ritualists
  6 deep elf pyromancers
  10 deep elf zephyrmancers
  A necromancer (WizLab)
  5 harpies
  3 lindwurms
  A wolf spider (Zot:1)
  A fire giant zombie (Vaults:3)
  5 salamanders
  8 ugly things
  A faun (shapeshifter) (Depths:3)
  A lightning spire (Zot:4)
  2 cyclopes
  5 fauns
  An orc sorcerer (Orc:2)
  10 manticores
  3 merfolk sirens
  6 moths of wrath
  2 shining eyes
  17 black mambas
  2 elephants
  A torpor snail (Lair:5)
  4 vault sentinels
  6 water nymphs
  3 eyes of devastation
  A smoke demon (Depths:1)
  A naga skeleton (Abyss:1)
  4 naga magi
  2 spectral sea snakes (Snake:3)
  3 unseen horrors
  7 guardian serpents
  5 cane toads
  A kobold demonologist (D:9)
  A hellion (D:6)
  An efreet (D:14)
  7 komodo dragons
  7 yaktaurs
  A troll (D:12)
  3 tengu conjurers
  A queen bee (shapeshifter) (Elf:1)
  An ancient zyme (Abyss:1)
  7 merfolk
  Grinder (D:5)
  A raiju (shapeshifter) (Elf:2)
  6 wind drakes
  40 saltlings (Desolation)
  4 hornets
  A glass eye (Depths:3)
  7 dream sheep
  2 spectral guardian serpents (Snake:3)
  7 snapping turtles
  35 slime creatures
  A guardian serpent skeleton (Snake:3)
  2 air elementals
  5 spriggans
  3 water elementals
  A ynoxinul (Abyss:1)
  17 yaks
  5 fire elementals
  3 wargs
  4 wraiths
  A golden eye (Slime:5)
  An elf skeleton (Vaults:3)
  2 neqoxecs (Abyss:1)
  A yaktaur simulacrum (Vaults:3)
  A redback (D:13)
  A vampire mosquito (D:11)
  2 swamp worms (Lair:2)
  A small abomination (Abyss:1)
  3 hell hounds (Elf:2)
  14 nagas
  3 water moccasins
  A guardian serpent simulacrum (Snake:3)
  A laughing skull (D:14)
  10 orc warriors
  A sky beast (D:6)
  An ice beast (D:5)
  10 ogres
  5 wolves
  4 centaurs
  9 kobold brigands
  4 bullfrogs
  A weeping skull (Abyss:1)
  A scorpion (D:5)
  An earth elemental (Elf:3)
  3 wights (D:7)
  4 killer bees
  A howler monkey (D:9)
  A quasit (Abyss:1)
  A hound (D:7)
  7 orc priests
  Crazy Yiuf (D:3)
  An iguana (D:6)
  3 sleepcaps
  5 orc wizards
  3 gnolls (D:7)
  3 adders
  29 orcs
  A ball python (D:9)
  A hobgoblin (D:7)
  8 kobolds
  4 tentacles (Shoals:2)
900 creatures vanquished.

Vanquished Creatures (others)
  A draconian monk (Zot:1)
  A fire giant (Depths:3)
  A curse skull (Vaults:3)
  A very ugly thing (Depths:3)
  A stone giant (Depths:4)
  2 spark wasps
  A yaktaur captain (Vaults:3)
  An ice dragon (Depths:1)
  A centaur warrior (Vaults:1)
  An occultist (Depths:2)
  A deep elf knight (Elf:1)
  A hell knight (Depths:3)
  A black mamba (Snake:4)
  A tengu conjurer (Depths:1)
  A swamp worm (Lair:2)
  90 knights
  6 ancestors
  19 tentacles (Shoals:2)
131 creatures vanquished.

Grand Total: 2391 creatures vanquished

Notes
Turn   | Place    | Note
-------+----------+-------------------------------------------
     0 | D:1      | Daunt the Mountain Dwarf Earth Elementalist began the quest
                  | for the Orb.
     0 | D:1      | Reached XP level 1. HP: 14/14 MP: 3/3
   393 | D:1      | Reached XP level 2. HP: 20/20 MP: 3/5
   750 | D:1      | Reached skill level 4 in Earth Magic
   989 | D:2      | Reached XP level 3. HP: 26/26 MP: 3/6
  1218 | D:2      | Found Zaptonin's Assorted Antiques.
  1226 | D:2      | Bought a scroll labelled BYZISE ZIGHOCE for 19 gold pieces
  1226 | D:2      | Bought a green potion for 17 gold pieces
  1226 | D:2      | Bought a sedimented white potion for 17 gold pieces
  1234 | D:2      | Reached skill level 1 in Fighting
  1600 | D:2      | Reached XP level 4. HP: 35/35 MP: 2/8
  2110 | D:3      | Found a snail-covered altar of Cheibriados.
  2468 | D:3      | Noticed a black bear
  2526 | D:2      | Bought a scroll labelled SUJAWKUZOBA for 19 gold pieces
  2526 | D:2      | Bought a scroll labelled MUSIANG BEAMM for 19 gold pieces
  2526 | D:2      | Bought a scroll labelled MUSIANG BEAMM for 19 gold pieces
  2571 | D:2      | Killed a black bear
  2572 | D:2      | Reached skill level 1 in Shields
  2572 | D:2      | Reached XP level 5. HP: 27/42 MP: 3/9
  2813 | D:3      | Found a runed translucent door.
  2814 | D:3      | Noticed Crazy Yiuf
  3094 | D:4      | Noticed an ogre
  3164 | D:4      | Reached skill level 5 in Earth Magic
  3164 | D:4      | Reached skill level 1 in Evocations
  3270 | D:3      | Reached XP level 6. HP: 49/51 MP: 7/10
  3369 | D:4      | Found Xeisoj's Antique Armour Shop.
  3825 | D:4      | Found a staircase to the Ecumenical Temple.
  3834 | Temple   | Entered the Ecumenical Temple
  3847 | Temple   | Became a worshipper of Hepliaklqana the Forgotten
  4141 | D:4      | Reached XP level 7. HP: 58/58 MP: 8/11
  4242 | D:5      | Entered Level 5 of the Dungeon
  4288 | D:5      | Noticed Sigmund
  4464 | D:5      | Reached skill level 6 in Earth Magic
  4982 | D:4      | Reached XP level 8. HP: 19/67 MP: 0/12
  5137 | D:5      | Identified the +7 shortbow of No Interval {freeze, Str+9
                  | Int-4 Dex-5}
  5524 | D:5      | Reached skill level 5 in Fighting
  5643 | D:5      | Reached skill level 1 in Maces & Flails
  5720 | D:5      | Reached * piety under Hepliaklqana
  5751 | D:5      | Noticed an angel
  5752 | D:5      | Found a glowing silver altar of Zin.
  5917 | D:5      | Reached skill level 5 in Shields
  5917 | D:5      | Reached skill level 7 in Earth Magic
  6090 | D:6      | Reached skill level 1 in Conjurations
  6129 | D:6      | Reached skill level 1 in Armour
  6129 | D:6      | Reached skill level 5 in Evocations
  6238 | D:4      | Bought a runed scale mail for 133 gold pieces
  6256 | D:4      | Learned a level 3 spell: Stone Arrow
  6475 | D:6      | Reached XP level 9. HP: 66/66 MP: 9/14
  7024 | D:7      | Found a sparkling altar of Nemelex Xobeh.
  7255 | D:7      | Found Pucsa's Armour Shop.
  7317 | D:7      | Reached skill level 5 in Spellcasting
  7495 | D:7      | Reached skill level 5 in Conjurations
  8198 | D:7      | Reached XP level 10. HP: 74/77 MP: 13/17
  8243 | D:7      | Identified the +2 buckler "Xothaeto" {MP+9 Str+3 Dex+2}
  8586 | D:7      | Learned a level 3 spell: Passwall
  8953 | D:7      | Bought a +1 buckler of protection for 247 gold pieces
  9109 | D:8      | Reached ** piety under Hepliaklqana
  9111 | D:8      | Remembered your ancestor Pupiz as a knight
  9607 | D:4      | Bought a runed chain mail for 142 gold pieces
  9984 | D:9      | Found Ilingen's General Store.
 10068 | D:9      | Noticed an oklob plant
 10431 | D:9      | Identified the +6 chain mail of the Evening Star {-Tele
                  | rF++}
 10533 | D:9      | Noticed an orange demon
 10996 | D:9      | Found a staircase to the Lair.
 11014 | D:9      | Noticed a two-headed ogre
 11085 | D:9      | Killed a two-headed ogre
 11086 | D:9      | Reached XP level 11. HP: 89/89 MP: 6/19
 11211 | D:9      | Reached skill level 5 in Armour
 11483 | D:5      | Noticed Grinder
 11520 | D:5      | Killed Grinder
 11644 | D:5      | Killed Sigmund
 11884 | D:10     | Entered Level 10 of the Dungeon
 11959 | D:10     | Reached *** piety under Hepliaklqana
 12294 | D:10     | Noticed a two-headed ogre
 12573 | D:10     | Noticed a two-headed ogre
 12574 | D:10     | a two-headed ogre changed into a snapping turtle
 12899 | D:10     | a two-headed ogre changed into a manticore
 12983 | D:10     | Reached skill level 10 in Fighting
 13494 | Lair:1   | Entered Level 1 of the Lair of Beasts
 13632 | Lair:1   | Noticed Sonja
 13803 | Abyss:1  | Found a corrupted altar of Lugonu.
 13803 | Abyss:1  | Cast into level 1 of the Abyss (Sonja)
 13841 | Abyss:1  | Noticed a large abomination
 13946 | Abyss:1  | Noticed a glowing orange brain
 13951 | Abyss:1  | Noticed a large abomination
 13954 | Abyss:1  | Noticed a lich
 13968 | Abyss:1  | Noticed a thrashing horror
 13983 | Abyss:1  | Found a corrupted altar of Lugonu.
 13991 | Abyss:1  | Noticed a wretched star
 14011 | Abyss:1  | Killed a wretched star
 14037 | Abyss:1  | Reached **** piety under Hepliaklqana
 14198 | Abyss:1  | Noticed a sixfirhy
 14208 | Abyss:1  | Killed a sixfirhy
 14209 | Abyss:1  | Reached skill level 10 in Armour
 14225 | Abyss:1  | Reached XP level 12. HP: 25/99 MP: 1/16
 14284 | Abyss:1  | Noticed a great orb of eyes
 14311 | Abyss:1  | Noticed an ancient lich
 14343 | Abyss:1  | Noticed a red very ugly thing
 14353 | Abyss:1  | Killed a red very ugly thing
 14365 | Abyss:1  | Noticed a vampire mage
 14367 | Lair:1   | Escaped the Abyss
 14669 | D:11     | Noticed Erolcha
 15218 | Lair:1   | Reached skill level 5 in Maces & Flails
 15462 | Lair:1   | Noticed Fannar
 15653 | Lair:1   | Killed Fannar
 15823 | Lair:1   | Noticed Harold
 15834 | Lair:1   | Killed Harold
 16092 | Lair:1   | Reached skill level 5 in Invocations
 16706 | Lair:2   | Noticed a demonic crawler
 16719 | Lair:2   | Killed a demonic crawler
 17304 | Lair:2   | Reached XP level 13. HP: 93/106 MP: 13/22
 17622 | Lair:2   | Killed Sonja
 18098 | Lair:2   | Found a staircase to the Snake Pit.
 18539 | Lair:2   | Identified the +6 chain mail of Xuemusm {Str+3 Dex+2}
 18915 | D:9      | Bought a scroll of identify for 28 gold pieces
 18915 | D:9      | Bought a scroll of fog for 56 gold pieces
 19714 | Lair:3   | Reached ***** piety under Hepliaklqana
 19843 | Lair:3   | Found a staircase to the Shoals.
 20262 | Lair:4   | Found a staircase to the Slime Pits.
 20262 | Lair:4   | Found a viscous altar of Jiyva.
 21462 | Lair:5   | Entered Level 5 of the Lair of Beasts
 22222 | Lair:5   | Reached skill level 10 in Evocations
 23258 | Lair:5   | Reached XP level 14. HP: 118/118 MP: 3/26
 24381 | Lair:5   | Reached skill level 15 in Fighting
 26241 | Lair:5   | Found the ring of the Octopus King
 26252 | Lair:5   | Identified a ring of the Octopus King {rCorr HP+2 AC+2 EV+2
                  | SH+2}
 26584 | D:11     | Found Zono's Overcharged Wands.
 26606 | D:11     | Noticed Lodul
 26703 | D:11     | Identified the +1 ring mail "Kesuapsu" {rElec rF- Regen+
                  | rCorr}
 26931 | D:11     | Noticed Josephine
 26943 | D:11     | Killed Josephine
 27334 | D:11     | Killed Lodul
 27360 | D:11     | Killed Erolcha
 27766 | D:12     | Found a staircase to the Orcish Mines.
 27971 | D:12     | Reached ****** piety under Hepliaklqana
 27972 | D:12     | Got the Enchiridion on Entranced Combat Magic
 28785 | D:13     | Noticed Snorg
 28796 | D:13     | Killed Snorg
 29281 | D:13     | Identified the +2 trident "Olop Zes" {venom, Int+2}
 29475 | D:13     | Reached skill level 1 in Polearms
 29622 | D:13     | Reached XP level 15. HP: 134/134 MP: 12/27
 30160 | D:13     | Found a gate to the Vaults.
 30221 | D:14     | Found a portal to a secret trove of treasure.
 30242 | D:14     | Found a large runed translucent door.
 30243 | D:14     | Found a large runed translucent door.
 30372 | D:14     | Reached skill level 8 in Earth Magic
 31225 | D:14     | Reached skill level 5 in Polearms
 31249 | D:14     | Identified the +9 orcbow of Hurtling Slow Death {speed,
                  | rElec rC+ Stlth-}
 31398 | D:14     | Found a hide-covered altar of Uskayaw.
 31429 | D:15     | Entered Level 15 of the Dungeon
 31851 | D:15     | Found a staircase to the Depths.
 31934 | D:15     | Reached skill level 9 in Earth Magic
 33235 | D:15     | Learned a level 6 spell: Bombard
 33256 | D:15     | Learned a level 2 spell: Blink
 33304 | D:15     | Identified the staff of the Moon {rF+ rN+ Fire Earth}
 33389 | Orc:1    | Entered Level 1 of the Orcish Mines
 33520 | Orc:2    | Entered Level 2 of the Orcish Mines
 33831 | Orc:2    | Found a roughly hewn altar of Beogh.
 33833 | Orc:2    | Found a staircase to the Elven Halls.
 34145 | Orc:2    | Reached skill level 10 in Earth Magic
 35199 | Orc:2    | Paralysed by an orc sorcerer for 2 turns
 35911 | Orc:2    | Found Nican's General Store.
 35917 | Orc:2    | Bought a scroll of blinking for 135 gold pieces
 35926 | Orc:2    | Found Cyohoinn's Antique Weapon Emporium.
 35970 | Orc:2    | Found Cueri's Antique Armour Emporium.
 35985 | Orc:2    | Found Joggal's Book Emporium.
 36211 | Orc:1    | Reached skill level 11 in Earth Magic
 36260 | Orc:1    | Found Uleod's Armour Boutique.
 37046 | D:3      | Killed Crazy Yiuf
 37146 | D:2      | Bought a thin platinum amulet for 95 gold pieces
 37151 | D:2      | Bought a phantom mirror for 760 gold pieces
 37389 | Snake:1  | Entered Level 1 of the Snake Pit
 37506 | Snake:1  | Reached XP level 16. HP: 141/141 MP: 25/28
 37694 | Snake:1  | Found Adexkaq's Jewellery Shop.
 37701 | Snake:1  | Found Utwiatoul's Magic Scroll Shop.
 37708 | Snake:1  | Bought a scroll of identify for 28 gold pieces
 37996 | Snake:1  | Reached skill level 10 in Conjurations
 38424 | Snake:1  | Reached skill level 12 in Earth Magic
 40123 | Snake:2  | Reached skill level 1 in Translocations
 40588 | Snake:2  | Reached skill level 13 in Earth Magic
 40922 | Snake:2  | Identified the +4 trident "Grim" {flame, Str+4}
 41699 | Snake:3  | Found Imytz's Antique Weapon Shoppe.
 41702 | Snake:3  | Found Utradiakk's Antique Armour Shop.
 41704 | Snake:3  | Found Lacrom's Antique Armour Shoppe.
 41784 | Snake:3  | Bought a brightly glowing chain mail for 247 gold pieces
 41784 | Snake:3  | Identified the +5 chain mail of the Realm of Zot {rElec
                  | Will+ Str-4 Dex+3} (You bought it in a shop on level 3 of
                  | the Snake Pit)
 41792 | Snake:3  | Bought a smoking scale mail for 234 gold pieces
 41792 | Snake:3  | Identified the +1 scale mail of Virtue {rN+ Dex+4} (You
                  | bought it in a shop on level 3 of the Snake Pit)
 42231 | Snake:3  | Reached XP level 17. HP: 82/145 MP: 21/30
 42741 | Snake:3  | Noticed lucidstorm14's ghost (adept MiBe)
 42902 | Snake:3  | Reached skill level 14 in Earth Magic
 42968 | Snake:3  | Noticed Vashnia
 42970 | Snake:3  | Vashnia changed into Vashnia the sphinx
 42970 | Snake:3  | Noticed Vashnia
 42975 | Snake:3  | Killed Vashnia the sphinx
 43147 | Snake:3  | Found a runed translucent door.
 43446 | Snake:4  | Entered Level 4 of the Snake Pit
 43705 | Snake:4  | Reached skill level 15 in Earth Magic
 44309 | Snake:4  | Reached skill level 16 in Earth Magic
 45525 | Snake:4  | Reached skill level 17 in Earth Magic
 47196 | Snake:4  | Reached XP level 18. HP: 153/153 MP: 27/31
 47295 | Snake:4  | Got a serpentine rune of Zot
 47524 | Shoals:1 | Entered Level 1 of the Shoals
 49955 | Shoals:2 | Noticed Louise
 49974 | Shoals:2 | Killed Louise
 50120 | Shoals:2 | Reached skill level 18 in Earth Magic
 50830 | Shoals:3 | Found a runed translucent door.
 51050 | Shoals:3 | Noticed Donald
 51217 | Shoals:3 | Killed Donald
 52052 | Shoals:4 | Entered Level 4 of the Shoals
 52196 | Shoals:4 | Noticed Polyphemus
 52359 | Shoals:4 | Killed Polyphemus
 53733 | Orc:2    | Bought a book of Iron for 448 gold pieces
 53738 | Orc:2    | Learned a level 4 spell: Animate Armour
 53744 | Orc:2    | Learned a level 5 spell: Lee's Rapid Deconstruction
 54094 | Shoals:4 | Identified the +3 short sword "Mitire" {freeze, Dex+5}
 54199 | Shoals:4 | Got a barnacled rune of Zot
 54412 | Shoals:4 | Reached skill level 1 in Summonings
 54591 | Shoals:4 | Reached skill level 1 in Staves
 55041 | Vaults:1 | Entered Level 1 of the Vaults
 55353 | Vaults:1 | Reached XP level 19. HP: 155/162 MP: 27/32
 55615 | Vaults:1 | Reached skill level 5 in Dodging
 55901 | Vaults:1 | Reached skill level 5 in Staves
 57657 | Vaults:2 | You fall into a shaft and drop 2 floors!
 57732 | Vaults:3 | Noticed Mennas
 57732 | Vaults:3 | Noticed Asterion
 58101 | Vaults:3 | Reached skill level 10 in Staves
 58233 | Vaults:3 | Asterion changed into Asterion the azure jelly
 58233 | Vaults:3 | Noticed Asterion
 58236 | Vaults:3 | Killed Asterion the azure jelly
 58378 | Vaults:3 | Identified the amulet "Tuatoem" {Spirit rCorr Int+3 SInv
                  | Stlth-}
 58891 | Vaults:3 | Found a staircase to the Crypt.
 59075 | Vaults:3 | Identified the +0 arbalest of Makhleb, Gazing {speed, Str+2
                  | Int+6}
 59364 | Vaults:3 | Reached skill level 10 in Spellcasting
 60039 | Vaults:2 | Reached skill level 10 in Invocations
 60074 | Vaults:2 | Reached XP level 20. HP: 169/170 MP: 7/34
 61499 | Depths:1 | Entered Level 1 of the Depths
 62719 | Depths:1 | Found a gateway to Hell.
 62724 | Depths:1 | Identified the +2 cloak of Quiescent Intercession {+Blink
                  | rN+++ rCorr Dex-3}
 62740 | Depths:1 | Identified the +5 chain mail of Instinct {rN+}
 62744 | Depths:1 | Identified the +6 chain mail "Nick" {rF++}
 62867 | Depths:1 | Found a one-way gate leading to the halls of Pandemonium.
 63606 | Depths:2 | Found a magical portal.
 63714 | WizLab   | Entered Yara's Duelist Academy
 64346 | WizLab   | Noticed Nesahuul
 64352 | WizLab   | Killed Nesahuul the Head Instructor
 64353 | WizLab   | Reached skill level 19 in Earth Magic
 65277 | Depths:2 | Identified the ring of the Philosopher {rF+ Will+ MP+9}
 66016 | Depths:2 | Reached XP level 21. HP: 164/178 MP: 36/36
 66091 | Depths:2 | Noticed a dread lich
 66107 | Depths:2 | Killed a dread lich
 67010 | Depths:3 | Found a one-way gate to the infinite horrors of the Abyss.
 67035 | Depths:3 | Found a broken altar of Ashenzari.
 67175 | Depths:3 | Voluntarily entered the Abyss.
 67184 | Abyss:1  | Noticed an ancient lich
 67202 | Abyss:1  | Killed an ancient lich
 67233 | Abyss:1  | Noticed a dread lich
 67342 | Abyss:2  | Reached skill level 15 in Conjurations
 67419 | Depths:3 | Escaped the Abyss
 67821 | Depths:4 | Entered Level 4 of the Depths
 67853 | Depths:3 | Reached skill level 20 in Earth Magic
 68272 | Depths:3 | Noticed a juggernaut
 68439 | Depths:3 | Killed a juggernaut
 68538 | Depths:3 | Identified the +1 robe of the Griffon {Int-2 Dex+5 Slay+5}
 70210 | Depths:3 | Identified the +0 leather armour of Incorporation {+Blink}
 70225 | Depths:3 | Reached XP level 22. HP: 182/184 MP: 16/39
 70766 | Depths:4 | Reached skill level 21 in Earth Magic
 71336 | Depths:4 | Noticed Jory
 71381 | Depths:4 | Killed Jory
 71615 | Depths:4 | Found a gate to the Realm of Zot.
 71738 | Depths:4 | Found a one-way gateway to a ziggurat.
 71778 | Depths:4 | Reached XP level 23. HP: 191/191 MP: 40/40
 71947 | Depths:4 | Reached skill level 22 in Earth Magic
 72379 | Depths:4 | Learned a level 4 spell: Iskenderun's Mystic Blast
 72416 | Depths:4 | Noticed a caustic shrike
 72417 | Depths:4 | Noticed a caustic shrike
 72418 | Depths:4 | Noticed a caustic shrike
 72420 | Depths:4 | Killed a caustic shrike
 72427 | Depths:4 | Killed a caustic shrike
 72430 | Depths:4 | Killed a caustic shrike
 72877 | Elf:1    | Entered Level 1 of the Elven Halls
 72922 | Elf:1    | Found a radiant altar of Vehumet.
 72932 | Elf:1    | Paralysed by an air elemental for 1 turns
 73081 | Elf:1    | Found a crumbling gateway.
 73104 | Elf:1    | Found a white marble altar of Elyvilon.
 73104 | Elf:1    | Found a glowing golden altar of the Shining One.
 73104 | Elf:1    | Found a glowing silver altar of Zin.
 73165 | Desolati | Entered the Desolation of Salt
 73449 | Desolati | Identified the +2 halberd of Brutal Revenge {flame, rN+
                  | Int+3 SInv}
 73935 | Desolati | Got the Atlas of the Traveller
 74026 | Desolati | Identified the ring "Rexi Noi" {rF- Will++ Int+6 Dex+3}
 74418 | Desolati | Identified the ring of Toiroi {Fire rN+ Str-4 Dex+5}
 74517 | Desolati | Identified the ring "Jiyning" {Ice Str+5 Int+3 SInv Stlth-}
 74596 | Desolati | Identified the ring "Gatut" {Fly rElec MP+9 Int-2}
 75073 | Desolati | Identified the ring "Meteom" {Wiz rCorr Str+2}
 75100 | Desolati | Identified the ring "Zontuarph" {rN+ AC+4 Str+2 Dex+4
                  | Slay-3}
 75653 | Elf:1    | Found a runed translucent door.
 75656 | Elf:1    | Noticed xianbchi's ghost (adept TeHu)
 75914 | Elf:1    | Killed xianbchi's ghost
 76614 | Elf:2    | Paralysed by an air elemental for 1 turns
 76717 | Elf:2    | Found a runed translucent gate.
 76718 | Elf:2    | Found a runed translucent gate.
 76718 | Elf:2    | Found a runed translucent gate.
 77047 | Elf:2    | Reached XP level 24. HP: 179/198 MP: 39/40
 77474 | Elf:2    | Noticed Azrael
 77485 | Elf:2    | Killed Azrael
 77634 | Elf:3    | Entered Level 3 of the Elven Halls
 77634 | Elf:3    | Noticed Zenata
 77681 | Elf:3    | Killed Zenata
 77828 | Elf:3    | Noticed Roxanne
 77847 | Elf:3    | Noticed Saint Roka
 78015 | Elf:3    | Killed Saint Roka
 78133 | Elf:3    | Identified the +3 leather armour "Olecumufu" {Int+3}
 78134 | Elf:3    | Noticed Mara
 78137 | Elf:3    | Noticed Daunt's illusion
 78140 | Elf:3    | Killed Mara
 79061 | Elf:3    | Identified the +10 short sword of Upheaval {flame, rPois
                  | rF+++ MP-9 Str-4}
 79172 | Elf:3    | Identified the +3 morningstar "Kog Piso" {flame, rPois
                  | SInv}
 79202 | Elf:3    | Reached skill level 15 in Armour
 79879 | Elf:3    | Identified the +5 long sword of the Imbibing Lamprey
                  | {drain, rPois rCorr Str-3}
 80150 | Elf:3    | Found the +3 Elemental Staff {ele, rElec rF+ rC+ AC+3}
 80157 | Elf:3    | Got Sif Muna's Enchiridion on the Lapidarian Wendigo
 80182 | Elf:3    | Found the macabre finger necklace {Finger+ rN+}
 80183 | Elf:3    | Identified the staff "Grim" {rF+++ rC+ rCorr Stlth- Tloc
                  | Ice}
 80190 | Elf:3    | Identified the staff of Marifrog {Will+ Earth}
 80329 | Elf:3    | Killed Roxanne
 80416 | Elf:2    | Learned a level 6 spell: Permafrost Eruption
 80972 | Snake:3  | Killed lucidstorm14's ghost
 80973 | Snake:3  | Reached skill level 1 in Ice Magic
 81591 | Slime:1  | Entered Level 1 of the Pits of Slime
 81632 | Slime:2  | You fall into a shaft and drop 2 floors!
 82050 | Slime:2  | Reached skill level 5 in Ice Magic
 82289 | Slime:5  | Entered Level 5 of the Pits of Slime
 83094 | Slime:4  | Gained mutation: Your body sometimes deteriorates upon
                  | taking damage. [a shining eye]
 83111 | Slime:4  | Gained mutation: You are dopey. (Int -2) [a shining eye]
 83463 | Slime:5  | Noticed the Royal Jelly
 83973 | Slime:5  | Killed the Royal Jelly
 84128 | Slime:5  | Reached XP level 25. HP: 208/208 MP: 40/40
 84383 | Slime:5  | Identified the +8 scale mail "Faugh" {rF+ Str+3}
 84392 | Slime:5  | Identified the ring of Kudenwa Uro {rElec rPois rF+}
 84412 | Slime:5  | Got a slimy rune of Zot
 84447 | Slime:5  | Found the +5 scythe "Finisher" {speed, execute}
 84461 | Slime:5  | Identified the +2 dagger of Tomorrow {heavy, ^Contam rC++}
 84462 | Slime:5  | Identified the +1 leather armour of Damp Amelioration
                  | {Int+9 Dex-3 Stlth+}
 84472 | Slime:5  | Identified the +8 chain mail of Uskayaw's Displeasure
                  | {Str+3}
 84498 | Slime:5  | Identified the +9 longbow of Deformation {freeze, Stlth+}
 84502 | Slime:5  | Reached XP level 26. HP: 215/215 MP: 40/40
 84545 | Slime:5  | Identified the +7 chain mail of the Enchanted Forest
                  | {Rampage}
 84555 | Slime:5  | Identified the +1 robe "Xuug" {Harm rC- Regen+ Slay-2}
 84559 | Slime:5  | Identified the +3 battleaxe of Kismet {venom, rF+ Dex+2}
 84587 | Slime:5  | Reached skill level 10 in Ice Magic
 85216 | D:9      | Bought a scroll of teleportation for 42 gold pieces
 85216 | D:9      | Bought a potion of resistance for 140 gold pieces
 85337 | Snake:1  | Bought a scroll of revelation for 105 gold pieces
 85632 | Zot:1    | Entered Level 1 of the Realm of Zot
 87160 | Zot:1    | Identified the maw talisman of the Wasteland {Dex+6}
 87499 | Zot:1    | Reached skill level 10 in Shields
 87841 | Zot:1    | Noticed a dread lich
 87851 | Zot:1    | Killed a dread lich
 87932 | Zot:1    | Noticed a dread lich
 87945 | Zot:1    | Killed a dread lich
 89123 | Zot:1    | Identified the +0 mace of Voracious Subterfuge {freeze,
                  | ^Contam rElec rCorr MP+9}
 89473 | Zot:1    | Identified the +6 fire dragon scales of the Storm King
                  | {-Cast rPois rF++ rC- Will+ Dex+3}
 89496 | Zot:1    | Found a faded altar of an unknown god.
 89827 | Zot:2    | Noticed an orb of fire
 89862 | Zot:2    | Gained mutation: You are very dopey. (Int -4) [an orb of
                  | fire]
 89867 | Zot:2    | Gained mutation: You are occasionally teleported next to
                  | monsters. [an orb of fire]
 89870 | Zot:2    | Gained mutation: You expend magic power (3 MP) to
                  | strengthen your wands. [an orb of fire]
 89871 | Zot:2    | Killed an orb of fire
 90355 | Snake:3  | Lost mutation: Your body sometimes deteriorates upon taking
                  | damage. [potion of mutation]
 90355 | Snake:3  | Lost mutation: You expend magic power (3 MP) to strengthen
                  | your wands. [potion of mutation]
 90355 | Snake:3  | Gained mutation: You have a pair of small antennae on your
                  | head. [potion of mutation]
 90356 | Snake:3  | Lost mutation: You are very dopey. (Int -4) [potion of
                  | mutation]
 90356 | Snake:3  | Lost mutation: You have a pair of small antennae on your
                  | head. [potion of mutation]
 90356 | Snake:3  | Gained mutation: You have large cloven feet. [potion of
                  | mutation]
 90362 | Snake:3  | Lost mutation: You have large cloven feet. [potion of
                  | mutation]
 90362 | Snake:3  | Lost mutation: You are occasionally teleported next to
                  | monsters. [potion of mutation]
 90362 | Snake:3  | Gained mutation: You are very dopey. (Int -4) [potion of
                  | mutation]
 90362 | Snake:3  | Gained mutation: Your movements are slightly less
                  | encumbered by armour. (ER -2) [potion of mutation]
 90790 | Zot:2    | Reached skill level 23 in Earth Magic
 90819 | Zot:2    | Noticed Vv
 90829 | Zot:2    | Killed Vv
 90973 | Zot:2    | Noticed Parghit
 91361 | Zot:2    | Killed Parghit
 93204 | Zot:2    | Found a runed translucent gate.
 93204 | Zot:2    | Found a runed translucent gate.
 93205 | Zot:2    | Found a runed translucent gate.
 93205 | Zot:2    | Noticed 910rd's ghost (veteran DrWn)
 93230 | Zot:2    | Killed 910rd's ghost
 93373 | Zot:2    | Identified the +0 pair of gloves "Erruohaa" {*Slow Will+
                  | Str+5}
 93380 | Zot:2    | Identified the staff of Unreason {rN+ rCorr Stlth+ Necro}
 94376 | Zot:3    | Identified a scroll of acquirement
 94504 | Zot:3    | Reached XP level 27. HP: 154/221 MP: 12/40
 95040 | Elf:1    | Acquired the ring "Setim" {Wiz rElec rF+++ rCorr Dex-2}
 95146 | Elf:2    | Learned a level 8 spell: Lehudib's Crystal Spear
 96172 | Zot:4    | Found a runed translucent door.
 96172 | Zot:4    | Noticed Zistueme's ghost (veteran MiBe)
 97130 | Zot:4    | Reached skill level 24 in Earth Magic
 97714 | Zot:4    | Killed Zistueme's ghost
 97789 | Zot:4    | Identified the +0 helmet of Wu Jian's Pride {Dex+2 Stlth+}
 98665 | Zot:5    | Entered Level 5 of the Realm of Zot
 99102 | Zot:5    | Learned a level 3 spell: Swiftness
 99245 | Zot:5    | Reached skill level 1 in Air Magic
 99378 | Zot:5    | Noticed an ancient lich
 99391 | Zot:5    | Killed an ancient lich
 99480 | Zot:5    | Reached skill level 25 in Earth Magic
 99508 | Zot:5    | Noticed an orb of fire
 99514 | Zot:5    | Gained mutation: You have hidden genetic defects. [an orb
                  | of fire]
 99971 | Zot:5    | Killed an orb of fire
100297 | Zot:5    | Noticed a dread lich
100306 | Zot:5    | Killed a dread lich
100326 | Zot:5    | Noticed an ancient lich
100336 | Zot:5    | Killed an ancient lich
100464 | Zot:5    | Noticed a dread lich
100489 | Zot:5    | Killed a dread lich
101096 | Zot:5    | Reached skill level 26 in Earth Magic
101240 | Zot:5    | Gained mutation: Armour fits poorly on your strangely
                  | shaped body. [hidden defects]
101278 | Zot:5    | Noticed an ancient lich
101295 | Zot:5    | Killed an ancient lich
101305 | Zot:5    | Noticed an orb of fire
101314 | Zot:5    | Killed an orb of fire
101364 | Zot:5    | Noticed a dread lich
101374 | Zot:5    | Killed a dread lich
101837 | Zot:5    | Got the Orb of Zot
101946 | Zot:1    | Noticed Naosasch the pandemonium lord
101961 | Zot:1    | Noticed Hoippom the pandemonium lord
102261 | D:5      | Gained mutation: You are frail. (-10% HP) [hidden defects]
102261 | D:5      | Lost mutation: You have hidden genetic defects. [hidden
                  | defects expressed]
102337 | D:$      | Escaped with the Orb!

Illustrated notes

Levels and vault maps discovered:
D:1:      ncdulo_wetmaze, layout_basic
D:2:      layout_basic, serial_shops, shop
D:3:      layout_basic, kennysheep_slug_shrine, minmay_pentangle,
          uniq_crazy_yiuf_cottage
D:4:      layout_rooms, temple_hall, serial_corexii_hall,
          corexii_hall_statues_s, corexii_hall_statues_i, serial_shops,
          nicolae_shop_getting_attention, nicolae_the_louvre
D:5:      kennysheep_windowed_halls, layout_cave_pools, zin_angel,
          minmay_hedge_maze, uniq_grinder, uniq_sigmund
D:6:      layout_rooms
D:7:      kennysheep_housing_project, layout_rooms,
          mainiacjoe_overflow_small_starburst, serial_shops, shop
D:8:      layout_basic, minmay_statues_item
D:9:      layout_roguey [special_room_kobold], lair_entry_dummy, serial_shops,
          shop_statue, introduction_to_nature_2
D:10:     layout_gridville
D:11:     layout_stronghold, nicolae_shop_overcharged_wands, uniq_josephine,
          uniq_erolcha, uniq_lodul
D:12:     layout_basic, orc_0_dummy
D:13:     layout_roguey, david_vaults_5, uniq_snorg
D:14:     doesnt_quadruple_sword, layout_basic, nicolae_trove_entry_diagonal,
          minmay_misc_feat_cross, nicolae_uskayaw_suspiria
D:15:     grunt_enter_depths_hoard, layout_long_grid, minmay_misc_feat_rugged,
          minmay_lindwurm_lava
Temple:   compressed_dpeg_triangle_lava_temple
Lair:1:   layout_misc_corridors, minmay_stone_trees_small,
          infiniplex_staircase_pool, uniq_sonja, uniq_harold, uniq_fannar
Lair:2:   layout_regular_city, minmay_snake_entry_six_corridors,
          serial_bayou_ford_a, worms_lemuel, lemuel_fruit_fields
Lair:3:   layout_concentric_octagons, elwin_shoals_entry_rooms,
          serial_bayou_shore_b, serial_bayou_shore_a
Lair:4:   layout_regular_city, slime_entry_1, fungi_pond_lemuel
Lair:5:   evilmike_catoblepas_cave, layout_regular_city, serial_bayou_shore_b,
          grunt_megastairs_2
Shoals:1: cheibrodos_shoals_satyrical_garden, layout_shoals
Shoals:2: layout_shoals, nicolae_shoals_lost_giant_pillars, uniq_louise
Shoals:3: layout_shoals, lightli_airlock, uniq_donald
Shoals:4: shoals_end_simple, layout_shoals, nicolae_shoals_lost_giant_hut,
          uniq_polyphemus
Snake:1:  layout_basic, minmay_shop_star
Snake:2:  layout_chambers, guppyfry_snake_island
Snake:3:  layout_basic, hellmonk_ghost_happy_afterlife,
          nicolae_snake_gridmaze_big_u, nicolae_wooded_promenade, st_stairs_8,
          nicolae_snake_the_dead_are_slithering, uniq_vashnia
Snake:4:  snake_pit_salamanders_mu, layout_cave_pods, hangedman_snake_pattern,
          serial_bayou_pond_d, hangedman_snake_corridor_cut
Slime:1:  layout_caves
Slime:2:  layout_caves
Slime:3:  layout_caves
Slime:4:  layout_caves, nicolae_slime_round_cave
Slime:5:  slime_pit_nicolae_block_by_block
Orc:1:    layout_diamond_mine, serial_shops, shop
Orc:2:    grunt_orc_cross, layout_caves, special_room, nicolae_orc_tapped_out
Elf:1:    eino_elf_arrival_altar, layout_loops_cross,
          ebering_ghost_reflecting_pool, portal_desolation_entry_holy_temple,
          evilmike_minifort
Elf:2:    nicolae_elf_blades_crystal_corner, layout_gridlike, uniq_azrael
Elf:3:    minmay_elf_hall_four_x, layout_gridlike, minivault_16, uniq_roxanne,
          uniq_zenata, uniq_saint_roka, uniq_mara
Vaults:1: nicolae_vaults_puzzle_piece, hangedman_vaults_stream,
          hangedman_vaults_stagger, v_misc_15, grunt_vaults_hallway_long,
          nicolae_vaults_angled_halls, nicolae_vaults_rhombus_5,
          nicolae_vaults_tetromino_T_1, layout_vaults_omnigrid,
          serial_magic_research
Vaults:2: nicolae_vaults_shipping_containers_7, nicolae_vaults_prndl,
          nicolae_vaults_shelves_hall, v_misc_23, nicolae_vaults_trapezoid_3,
          hangedman_vaults_capsules, v_misc_24,
          vaults_room_grunt_arrival_ludios, nicolae_vaults_trapezoid_2,
          v_misc_28, nicolae_vaults_diagonal_hallway_6,
          nicolae_vaults_turnstiles, layout_vaults_maze_bifur
Vaults:3: grunt_vaults_hallway_short, serial_ice_g, ontoclasm_vaults_idyll,
          minmay_crypt_entry_simple_walls, v_misc_4, hangedman_vaults_hat,
          nicolae_vaults_offset_grid_hallway_3, v_rooms_1,
          nicolae_vaults_house_2, nicolae_vaults_frosty_reception,
          nicolae_vaults_closet_pinwheel_1, nicolae_vaults_yaktaur_gun_rack,
          layout_vaults_omnibox, uniq_mennas, uniq_asterion
Vaults:4: nicolae_vaults_stepped_doors, nicolae_vaults_arrows,
          nicolae_vaults_shipping_containers_5, vaults_mumra_chevron,
          nicolae_vaults_trapezoid_lopsided_1, nicolae_vaults_oval_intersection,
          vaults_mumra_lcd, nicolae_vaults_little_squares_1,
          ontoclasm_vaults_claustrophobia, nicolae_vaults_house_1, v_misc_18,
          layout_vaults_big_cross, serial_shops, nicolae_shop_getting_attention,
          uniq_xtahua
Depths:1: layout_cave_pools, lightli_too_deep, rand_demon_pan_entry_3,
          hangedman_glass_teeth, kb_rosetta, serial_bayou_shore_b
Depths:2: hellmonk_paralyzer, layout_basic, infiniplex_enter_wizlab_glasses,
          hell_entry, grunt_pan_entry_zigzag, nicolae_twisty_statue_hallways,
          kennysheep_random_hallway, minmay_staircase_bubble, uniq_josephina
Depths:3: hangedman_grunt_twisty_little_passages, layout_basic, abyss_entry,
          serial_shops, bzr_entry_safe, ashenzari_conservatory_becter,
          hell_entry
Depths:4: grunt_zot_entry_alcove, layout_basic, enter_ziggurat_e,
          pf_hell_entry_tar_river, nicolae_triple_integral, uniq_jory
Zot:1:    regret_index_infernal_bastille, layout_concentric_octagons,
          regret_index_zotdec_bone_old
Zot:2:    layout_cathedral_of_symmetry, gammafunk_ghost_ooze, uniq_vv,
          uniq_parghit
Zot:3:    layout_misc_corridors, grunt_megastairs_3
Zot:4:    infiniplex_zot_generator, layout_onion_interference,
          ebering_ghost_inner_flame
Zot:5:    layout_misc_corridors

Skill      XL: |  1  2  3  4  5  6  7  8  9 10 11 12 13 14 15 16 17 18 19 20 21 22 23 24 25 26 27 |
---------------+----------------------------------------------------------------------------------+-----
Spellcasting   | 2 3 5 6 8 9 10 11 13 14 | 14.0
Earth Magic    | 4 5 6 7 11 13 17 18 19 20 21 22 23 26 | 26.0
Fighting       | 1 2 3 4 5 7 9 11 12 14 17 18 19 20 | 20.4
Shields        | 1 2 3 4 5 13 | 13.2
Evocations     | 1 2 3 5 6 10 11 12 13 | 13.6
Maces & Flails | 2 7 |  7.0
Conjurations   | 2 6 9 11 12 13 14 15 16 17 18 | 18.4
Armour         | 2 3 4 10 12 13 14 15 | 15.0
Dodging        | 3 4 5 7 |  7.4
Invocations    | 9 10 11 12 | 12.0
Polearms       | 1 5 |  5.0
Translocations | 3 |  3.0
Summonings     | 2 3 |  3.0
Staves         | 2 10 | 10.7
Ice Magic      | 9 10 13 | 13.0
Air Magic      | 3 |  3.0
Stealth        | |  1.4

Action                     |  1- 3 |  4- 6 |  7- 9 | 10-12 | 13-15 | 16-18 | 19-21 | 22-24 | 25-27 || total
---------------------------+-------+-------+-------+-------+-------+-------+-------+-------+-------++-------
  Melee: Dagger            |     9 |    24 |    12 |       |       |       |       |       |       ||    45
         Trident           |       |       |    25 |    32 |   143 |    49 |       |       |       ||   249
         Whip              |       |       |       |   103 |   109 |       |       |       |       ||   212
         Staff             |       |       |       |       |       |    39 |   390 |   203 |   390 ||  1022
  Throw: Stone             |       |       |     1 |       |       |       |       |       |       ||     1
         Dart              |       |       |       |       |     2 |       |       |       |       ||     2
   Cast: Sandblast         |    56 |    80 |   252 |   401 |   570 |   866 |   412 |   551 |    50 ||  3238
         Stone Arrow       |       |       |       |    88 |   371 |   328 |    64 |    16 |     7 ||   874
         Passwall          |       |       |       |     3 |     2 |     4 |     4 |       |     1 ||    14
         Blink             |       |       |       |       |     5 |     3 |     3 |     1 |       ||    12
         Bombard           |       |       |       |       |       |    29 |   174 |   197 |    88 ||   488
         Animate Armour    |       |       |       |       |       |     4 |   125 |    66 |    60 ||   255
         Lee's Rapid Decon |       |       |       |       |       |       |    15 |     9 |    14 ||    38
         Permafrost Erupti |       |       |       |       |       |       |       |    13 |   189 ||   202
         Iskenderun's Myst |       |       |       |       |       |       |       |       |     4 ||     4
         Lehudib's Crystal |       |       |       |       |       |       |       |       |    27 ||    27
         Swiftness         |       |       |       |       |       |       |       |       |     1 ||     1
 Invoke: Recall Ancestor   |       |       |     3 |    14 |    27 |    11 |    11 |     5 |    17 ||    88
         Ancestor Life: Kn |       |       |       |     1 |       |       |       |       |       ||     1
         Idealise          |       |       |       |       |       |     1 |     2 |     2 |     3 ||     8
         Transference      |       |       |       |       |       |       |       |       |     1 ||     1
Ability: Evoke Blink       |       |       |       |       |       |       |       |       |     2 ||     2
  Evoke: Wand              |       |     1 |     1 |    15 |     2 |    30 |    30 |     1 |       ||    80
         Phial of floods   |       |       |       |       |       |     2 |       |       |       ||     2
         Phantom mirror    |       |       |       |       |       |     1 |       |       |     1 ||     2
         Tin of tremorston |       |       |       |       |       |       |     3 |     2 |     1 ||     6
         Box of beasts     |       |       |       |       |       |       |     2 |       |     1 ||     3
    Use: Potion            |       |     1 |       |    13 |     1 |     4 |    10 |     3 |     7 ||    39
         Scroll            |       |       |     5 |    10 |    15 |     7 |    10 |     4 |    21 ||    72
   Stab: Distracted        |       |       |       |     1 |     2 |       |    10 |     2 |     7 ||    22
         Petrified         |       |       |       |       |    10 |       |       |       |       ||    10
 Armour: Leather armour    |    16 |       |       |       |       |       |       |       |       ||    16
         Plate armour      |     2 |   101 |   102 |       |       |       |   232 |   194 |   211 ||   842
         Scale mail        |       |       |    70 |    27 |   117 |   156 |       |       |       ||   370
         Chain mail        |       |       |       |   386 |   683 |   678 |   496 |   286 |       ||  2529
         Skin              |       |       |       |       |       |       |     3 |       |       ||     3
         Gold dragon scale |       |       |       |       |       |       |       |       |   596 ||   596
  Dodge: Dodged            |    12 |    24 |    67 |   153 |   345 |   304 |   267 |   131 |   118 ||  1421
  Block: Buckler           |       |    17 |    44 |   100 |   309 |   315 |   257 |   141 |       ||  1183
         Kite shield       |       |       |       |       |       |       |       |       |   257 ||   257

Table legend: (Time is in decaauts)
 A = Elapsed time spent in this place.
 B = Non-inter-level travel time spent in this place.
 C = Inter-level travel time spent in this place.
 D = Time resting spent in this place.
 E = Time spent auto-exploring this place.
 F = Levels seen in this place.
 G = Mean time per level.
                   A        B        C        D        E       F      G
               +--------+--------+--------+--------+--------+-----+--------+
         Total | 104444 |  90879 |  13565 |  18719 |  46029 |  57 | 1832.4 |
       Dungeon |  26586 |  21644 |   4942 |   3663 |  11832 |  15 | 1772.4 |
        Temple |     26 |     20 |      6 |      0 |      0 |   1 |   26.0 |
          Lair |  13006 |  10835 |   2171 |   2283 |   5905 |   5 | 2601.2 |
        Shoals |   7513 |   6739 |    774 |   1694 |   2767 |   4 | 1878.2 |
     Snake Pit |  11203 |   9995 |   1208 |   2017 |   5464 |   4 | 2800.8 |
    Slime Pits |   3266 |   3045 |    221 |    827 |   1147 |   5 |  653.2 |
  Orcish Mines |   3278 |   2914 |    364 |    576 |   1641 |   2 | 1639.0 |
   Elven Halls |   6000 |   5404 |    596 |    460 |   3174 |   3 | 2000.0 |
        Vaults |   6404 |   6039 |    365 |   1256 |   3026 |   4 | 1601.0 |
        Depths |  10776 |   8964 |   1812 |   1613 |   4762 |   4 | 2694.0 |
           Zot |  12164 |  11062 |   1102 |   3367 |   5190 |   5 | 2432.8 |
         Abyss |    810 |    810 |      0 |     14 |      0 |   3 |  270.0 |
        Wizlab |   1212 |   1212 |      0 |    635 |    161 |   1 | 1212.0 |
    Desolation |   2195 |   2195 |      0 |    312 |    958 |   1 | 2195.0 |
               +--------+--------+--------+--------+--------+-----+--------+

Top non-repeatable levels by time:
 Snake:4: 4046 daAuts
Depths:3: 3774 daAuts
Depths:4: 3376 daAuts
  Lair:5: 3338 daAuts
     D:9: 3297 daAuts
  Lair:4: 3085 daAuts
   Zot:1: 3027 daAuts
 Snake:3: 3009 daAuts
    D:15: 2865 daAuts
   Zot:5: 2824 daAuts
   Elf:3: 2803 daAuts
  Lair:2: 2646 daAuts
Vaults:1: 2501 daAuts
   Zot:4: 2498 daAuts
  Lair:1: 2483 daAuts
